 Dungeon Crawl Stone Soup version 0.30-a0-920-g7493c07aab (webtiles) character file.

Game seed: 17907629830096168659

125 Iniera the Chopper (level 5, -1/27 HPs)
             Began as a Vine Stalker Fighter on Mar 21, 2023.
             Slain by an orc warrior
             ... wielding a +1 trident of protection
              (10 damage)
             ... on level 3 of the Dungeon.
             The game lasted 00:02:47 (1897 turns).

Iniera the Chopper (Vine Stalker Fighter)           Turns: 1897, Time: 00:02:48

Health: -1/27      AC:  7    Str: 20    XL:     5   Next: 9%
Magic:  0/6        EV:  9    Int:  8    God:
Gold:   57         SH:  5    Dex: 20    Spells: 4/4 levels left

rFire   . . .      SeeInvis .    a - +0 war axe
rCold   . . .      Faith    .    c - +0 buckler
rNeg    . . .      Spirit   +    b - +1 scale mail
rPois   .          Reflect  .    (no helmet)
rElec   .          Rampage  .    (no cloak)
rCorr   .                        (no gloves)
Will    .....                    (no boots) Stlth
                                 (no amulet)
HPRegen 1.04/turn                g - +6 ring of dexterity
MPRegen 0.10/turn                (no ring)

@: mighty
A: fangs 2, regeneration 1, magic shield, antimagic bite, no potion heal 2
a: no special abilities


You were on level 3 of the Dungeon.
You visited 1 branch of the dungeon, and saw 3 of its levels.

You collected 57 gold pieces.

Inventory:

Hand Weapons
 a - a +0 war axe (weapon)
Armour
 b - a +1 scale mail (worn)
 c - a +0 buckler (worn)
Jewellery
 g - a +6 ring of dexterity (left hand)
 o - an amulet of magic regeneration
Scrolls
 l - a scroll of teleportation
Potions
 e - a potion of ambrosia
 f - a potion of attraction
 h - 2 potions of magic
 i - 2 potions of curing
 j - 2 potions of lignification
 k - a potion of brilliance {unknown}
 m - a potion of resistance {unknown}
 n - a potion of flight {unknown}


   Skills:
 - Level 2.6 Fighting
 * Level 4.6 Axes
 - Level 2.4 Armour
 - Level 2.6 Shields


You had 4 spell levels left.
You didn't know any spells.
Your spell library was empty.

Dungeon Overview and Level Annotations

Branches:
Dungeon (3/15)

Altars:
The Shining One


Innate Abilities, Weirdness & Mutations

You have extremely sharp teeth.
Your natural rate of healing is unusually fast.
When hurt, damage is shared between your health and your magic reserves.
Your bite disrupts and absorbs the magic of your enemies.
Potions cannot restore your health.


Message History

The orc warrior hits you but does no damage.
You slash something!
Reactivating autopickup.
You feel a bit more experienced.
The orc warrior hits you from afar with a +1 trident of protection.
You have reached level 5!
You cannot move.
The orc warrior hits you but does no damage.
You block the orc warrior's attack.
You feel less wooden.
Your +1 scale mail unmelds from your body.
You block the orc warrior's attack. The orc warrior closely misses you.
Items here: )) [ †.
You barely miss the orc warrior. You bite the orc warrior. You drain its power.
You feel invigorated.
The orc warrior is lightly wounded.
The orc warrior hits you with a +1 trident of protection!
You slash the orc warrior! Your bite misses the orc warrior.
The orc warrior is heavily wounded.
The orc warrior hits you with a +1 trident of protection.
The orc warrior barely misses you.
You barely miss the orc warrior. You bite the orc warrior. You drain its power.
You feel invigorated.
The orc warrior is heavily wounded.
You block the orc warrior's attack.
You closely miss the orc warrior. You bite the orc warrior.
You drain its power.
The orc warrior is almost dead.
The orc warrior hits you with a +1 trident of protection!
* * * LOW HITPOINT WARNING * * *
You hit the orc warrior but do no damage.
The orc warrior is almost dead.
The orc warrior hits you but does no damage.
The orc warrior hits you with a +1 trident of protection.
* * * LOW HITPOINT WARNING * * *
You hit the orc warrior but do no damage.
The orc warrior is almost dead.
The orc warrior hits you with a +1 trident of protection!
You die...

###.....###..##
.###.....##...# ######
..###.....#.#.# #.....#
...###....#.# .##.......
....###...).# .........
#+######..#.## #........
...B#.###.#..###........
.$.J#..####....#.o......
$.).+...###.##.#@.......
.!..#....##.##..):....<.
....#....K#.###.#......#
####....#.# #.#.######
###...+.# ....#
.###..#...##.## .###.#.
. .# . ##


You could see an orc warrior.

Vanquished Creatures
  An orc wizard (D:3)
  3 adders
  2 worms (D:2)
  2 dart slugs
  2 orcs (D:3)
  6 endoplasms
  9 goblins
  3 hobgoblins
  3 jackals (D:2)
  3 quokkas
  6 ball pythons
  7 bats
  A frilled lizard (D:2)
  6 kobolds
  6 rats
60 creatures vanquished.

Vanquished Creatures (others)
  3 plants (D:1)
3 creatures vanquished.

Grand Total: 63 creatures vanquished

Notes
Turn   | Place    | Note
-------+----------+-------------------------------------------
     0 | D:1      | Iniera the Vine Stalker Fighter began the quest for the
                  | Orb.
     0 | D:1      | Reached XP level 1. HP: 11/11 MP: 2/2
   209 | D:1      | Reached skill level 2 in Axes
   246 | D:1      | Found a faded altar of an unknown god.
   269 | D:1      | Reached XP level 2. HP: 16/16 MP: 3/3
   591 | D:1      | Reached skill level 3 in Axes
   619 | D:1      | Reached XP level 3. HP: 14/19 MP: 4/4
  1140 | D:2      | Identified the +2 leather armour of the Fife {rElec rF+}
  1191 | D:2      | Gained mutation: Your natural rate of healing is unusually
                  | fast. [Vine Stalker growth]
  1191 | D:2      | Reached XP level 4. HP: 21/23 MP: 3/5
  1430 | D:2      | Found a glowing golden altar of the Shining One.
  1605 | D:2      | Reached skill level 4 in Axes
  1869 | D:3      | Noticed an orc warrior
  1888 | D:3      | Reached XP level 5. HP: 27/27 MP: 3/6
  1897 | D:3      | Slain by an orc warrior

Illustrated notes

Levels and vault maps discovered:
D:1:      erik_arrival_triangle_medium, layout_basic,
          shapermc_ecumenical_altar_mp_ritualfount
D:2:      layout_basic, basic_altar
D:3:      layout_rooms, nemelex_spade_bored_becter, serial_shops,
          nicolae_shop_advertising_works [nicolae_subvault_shop_adworks],
          minmay_quadrilaterals

Skill      XL: |  1  2  3  4 |
---------------+-------------+-----
Axes           | 2 3 4 |  4.6
Fighting       | |  2.6
Armour         | |  2.4
Shields        | |  2.6

Action                     |  1- 3 |  4- 6 || total
---------------------------+-------+-------++-------
  Melee: War axe           |    86 |    51 ||   137
         Bite              |    15 |    11 ||    26
    Use: Scroll            |     6 |     4 ||    10
         Potion            |       |     2 ||     2
 Armour: Scale mail        |    36 |    16 ||    52
         Skin              |       |    22 ||    22
  Dodge: Dodged            |    46 |    14 ||    60
  Block: Buckler           |    22 |    22 ||    44

Table legend: (Time is in decaauts)
 A = Elapsed time spent in this place.
 B = Non-inter-level travel time spent in this place.
 C = Inter-level travel time spent in this place.
 D = Time resting spent in this place.
 E = Time spent auto-exploring this place.
 F = Levels seen in this place.
 G = Mean time per level.
                   A        B        C        D        E       F      G
               +--------+--------+--------+--------+--------+-----+--------+
         Total |   1947 |   1892 |     55 |      0 |   1481 |   3 |  649.0 |
       Dungeon |   1947 |   1892 |     55 |      0 |   1481 |   3 |  649.0 |
               +--------+--------+--------+--------+--------+-----+--------+

Top non-repeatable levels by time:
     D:1: 917 daAuts
     D:2: 821 daAuts
     D:3: 207 daAuts
